 Dungeon Crawl Stone Soup version 0.28.0-53-g5a82cb258f (webtiles) character file.

Game seed: 7807792845221912170

46 issech the Chopper (level 3, 0/33 HPs)
             Began as a Minotaur Monk on May 31, 2022.
             Slain by Sigmund
             ... wielding a +0 scythe
              (10 damage)
             ... on level 2 of the Dungeon.
             The game lasted 00:05:54 (1677 turns).

issech the Chopper (Minotaur Monk)                  Turns: 1677, Time: 00:05:55

Health: 0/33       AC:  4    Str: 15    XL:     3   Next: 44%
Magic:  2/2        EV: 13    Int:  7    God:
Gold:   79         SH:  0    Dex: 14    Spells: 2/2 levels left

rFire   . . .      SeeInvis .   a - +0 hand axe
rCold   . . .      Faith    .   (no shield)
rNeg    . . .      Spirit   .   b - +0 robe
rPois   .          Reflect  .   (helmet restricted)
rElec   .          Harm     .   (no cloak)
rCorr   .          Rampage  .   i - +0 pair of gloves
Will    .....                   m - +0 pair of boots
Stlth   ++........              (no amulet)
HPRegen 0.11/turn               (no ring)
MPRegen 0.08/turn               (no ring)

@: no status effects
A: horns 2, retaliatory headbutt
a: no special abilities


You were on level 2 of the Dungeon.
You visited 1 branch of the dungeon, and saw 2 of its levels.

You collected 79 gold pieces.

Inventory:

Hand Weapons
 a - a +0 hand axe (weapon)
Missiles
 d - 4 javelins (quivered)
 j - 16 stones
 k - 12 arrows
Armour
 b - a +0 robe (worn)
 i - a +0 pair of gloves (worn)
 m - a +0 pair of boots (worn)
Scrolls
 c - 2 scrolls of fog {unknown}
 e - a scroll of vulnerability {unknown}
 l - a scroll of amnesia {unknown}
 n - a scroll of enchant armour {unknown}
Potions
 f - a potion of curing {unknown}
 g - a potion of mutation {unknown}
 h - a potion of heal wounds {unknown}


   Skills:
 + Level 4.0 Fighting
 + Level 4.4 Axes
 + Level 4.0 Dodging
 + Level 1.7 Stealth


You had 2 spell levels left.
You didn't know any spells.
Your spell library contained the following spells:

 Spells                   Type           Power      Damage    Failure   Level
 Fireball                 Conj/Fire      0%         3d3       100%        5
 Iskenderun's Battlesphe  Conj           0%         2d6       100%        5
 Conjure Ball Lightning   Conj/Air       0%         3x3d6     100%        6
 Orb of Destruction       Conj           0%         9d5       100%        7


Dungeon Overview and Level Annotations

Branches:
Dungeon (2/15)

Altars:

Shops:
D:1 (   D:2 *[*

Annotations:
D:2 Sigmund


Innate Abilities, Weirdness & Mutations

You have a pair of horns on your head.
You reflexively headbutt those who attack you in melee.


Message History

Found a scroll labelled NAHIEC NASU and a rapier.
Found 10 gold pieces.
There is an entrance to Laonisku's Assorted Antiques here.
You can access your shopping list by pressing '$'.
Sigmund the Dreaded comes into view.
He is wielding a +0 scythe and wearing a +2 robe of resistance.
Sigmund shouts!
You see here a +0 rapier.
Sigmund screams, "Don't try to resist!"
Sigmund closely misses you.
You hit Sigmund but do no damage. You punch Sigmund.
Sigmund is lightly wounded.
You hit Sigmund.
Sigmund is moderately wounded.
Sigmund casts a spell at you.
You are confused.
Sigmund hits you with a +0 scythe. Sigmund barely misses you.
Sigmund hits you from afar with a +0 scythe!
You feel less confused.
Sigmund points at you and mumbles some strange words.
You resist with significant effort.
You closely miss Sigmund. You headbutt Sigmund.
Sigmund is moderately wounded.
Sigmund hits you with a +0 scythe!
You hit Sigmund but do no damage.
Sigmund is moderately wounded.
Sigmund laughs darkly.
Sigmund barely misses you.
You hit Sigmund but do no damage. Your headbutt misses Sigmund.
Sigmund is moderately wounded.
You hit Sigmund. Your headbutt misses Sigmund.
Sigmund is moderately wounded.
Sigmund closely misses you.
You barely miss Sigmund. You headbutt Sigmund, but do no damage.
Sigmund is moderately wounded.
Sigmund mumbles some strange words.
Sigmund flickers and vanishes!
Deactivating autopickup; reactivate with Ctrl-A.
You hit something. Something hits you!
You die...

#.. #......... #..
#........# ##.
#......... #.
######.......# ##.
#............. #..
#............ #..
#........############..
#.....@{...#...........
#.........#.#..>.......
#........#...#.....##.#
####....#..∩..#.... #.#
#.....#...#.### #.#
#......#.#....# #.#
#.......#.....####.#
#....#.............#
#.............#####.


There were no monsters in sight!

Vanquished Creatures
  2 worms (D:2)
  3 dart slugs
  2 bats
  5 endoplasms
  A giant cockroach (D:1)
  2 goblins (D:1)
  2 hobgoblins
  5 kobolds
  A quokka (D:2)
  4 ball pythons
  2 frilled lizards
  5 rats (D:1)
34 creatures vanquished.

Notes
Turn   | Place    | Note
-------+----------+-------------------------------------------
     0 | D:1      | issech the Minotaur Monk began the quest for the Orb.
     0 | D:1      | Reached XP level 1. HP: 19/19 MP: 0/0
   340 | D:1      | Reached XP level 2. HP: 27/27 MP: 1/1
   571 | D:1      | Found Juludein's Weapon Shoppe.
   880 | D:1      | Reached XP level 3. HP: 22/33 MP: 2/2
  1371 | D:2      | Found Ypharrew's Armour Boutique.
  1581 | D:2      | Found Beafesha's Assorted Antiques.
  1648 | D:2      | Found Laonisku's Assorted Antiques.
  1661 | D:2      | Noticed Sigmund
  1677 | D:2      | Slain by Sigmund

Illustrated notes

Levels and vault maps discovered:
D:1:      co_arrival_square_in_a_square_in_a_square, layout_loops_cross,
          serial_forest, infiniplex_forest_end_1, infiniplex_forest_end_2,
          infiniplex_forest_lined_ring, infiniplex_forest_lined_3,
          infiniplex_forest_clump_medium, infiniplex_forest_straight_3,
          serial_shops, shop, minmay_misc_feat_nine_boxes, minmay_tetromino_s2
D:2:      minmay_evil_eye, layout_basic, serial_shops,
          nicolae_shop_advertising_works [nicolae_subvault_shop_adworks],
          nicolae_diamond_shop, shop_statue, uniq_sigmund

Skill      XL: |  1  2  3 |
---------------+----------+-----
Axes           | 4 |  4.4
Fighting       | 4 |  4.0
Dodging        | 4 |  4.0
Stealth        | |  1.7

Action                   || total
-------------------------++-------
Melee: Hand axe          ||    73
       Headbutt          ||    12
       Punch             ||     3
 Stab: Sleeping          ||     1
Armor: Robe              ||    11
Dodge: Dodged            ||    48
